 Dungeon Crawl Stone Soup version 0.28.0-45-g0d030f2227 (webtiles) character file.

Game seed: 2043581557297266650

379 psko the Magician (level 6, -15/28 HPs)
             Began as a Spriggan Conjurer on Apr 3, 2022.
             Was an Elder of Jiyva.
             Demolished by Duvessa
             ... wielding a +6 short sword of venom
              (21 damage)
             ... on level 5 of the Dungeon.
             The game lasted 00:31:13 (3772 turns).

psko the Magician (Spriggan Conjurer)               Turns: 3772, Time: 00:31:13

Health: -15/28     AC:  7    Str:  9    XL:     6   Next: 45%
Magic:  15/15      EV: 20    Int: 24    God:    Jiyva [****..]
Gold:   103        SH:  0    Dex: 13    Spells: 15/16 levels left

rFire   . . .      SeeInvis +   w - +12 spear "Nojoett" {vamp, Drain Str+4 Int+4 Stlth+}
rCold   . . .      Faith    .   (no shield)
rNeg    . . .      Spirit   .   a - +0 robe
rPois   .          Reflect  .   (helmet restricted)
rElec   .          Harm     .   (no cloak)
rCorr   +          Rampage  .   (gloves unavailable)
Will    +....                   (boots unavailable)
Stlth   +++.......              g - amulet of magic regeneration
HPRegen 1.37/turn               j - ring of wizardry
MPRegen 0.94/turn               (no ring)

@: lethally poisoned (-15 -> -15), very quick
A: very small, no large weapons, unfitting armour, see invisible, speed 3, horns
1, iridescent scales 1, gelatinous body 3
a: Renounce Religion, Oozemancy, Slimify


You were on level 5 of the Dungeon.
You worshipped Jiyva.
Jiyva was greatly pleased with you.
You visited 1 branch of the dungeon, and saw 5 of its levels.

You collected 103 gold pieces.

Inventory:

Hand Weapons
 e - a +2 quarterstaff of chaos
 k - a +2 dagger of protection
 n - a +0 mace of protection
 o - a +2 mace of protection
 p - a +2 mace of protection
 q - a +0 vorpal mace
 r - a +1 mace of protection
 s - the +7 mace "Ezowocu" {venom, rElec}
   (You found it on level 3 of the Dungeon)

   It poisons the flesh of those it strikes.
   rElec:     It insulates you from electricity.
 t - a +0 vorpal mace
 u - a +2 vorpal mace
 w - the +12 spear "Nojoett" (weapon) {vamp, Drain Str+4 Int+4 Stlth+}
   (You found it on level 4 of the Dungeon)

   It occasionally heals its wielder for a portion of the damage dealt when it
   wounds a living foe.
   Str:       It affects your strength (+4).
   Int:       It affects your intelligence (+4).
   Drain:     It drains your maximum health when unequipped.
   Stlth:     It makes you more stealthy.
 B - a +4 flail of draining
Missiles
 b - 58 stones
 m - 36 arrows
Armour
 a - a +0 robe (worn)
 c - a +0 leather armour
Jewellery
 g - an amulet of magic regeneration (around neck)
 j - a ring of wizardry (left hand)
Wands
 d - a wand of digging (4)
 A - a wand of flame (9)
Scrolls
 h - 2 scrolls of teleportation {unknown}
 x - a scroll of fog {unknown}
 y - a scroll of blinking
Potions
 f - a potion of haste {unknown}
 i - a potion of might {unknown}
 l - 2 potions of magic
 v - 2 potions of lignification {unknown}
 z - a potion of attraction {unknown}
 C - a potion of curing {unknown}


   Skills:
 + Level 3.1 Dodging
 + Level 4.0 Stealth
 + Level 5.8 Spellcasting
 + Level 4.5 Conjurations


You had 15 spell levels left.
You knew the following spells:

 Your Spells              Type           Power      Damage    Failure   Level
a - Magic Dart            Conj           100%       1d8       1%          1

Your spell library contained the following spells:

 Spells                   Type           Power      Damage    Failure   Level
 Searing Ray              Conj           58%        2d6       1%          2
 Dazzling Flash           Conj/Hex       36%        N/A       4%          3
 Fulminant Prism          Conj/Hex       9%         3d7       12%         4
 Iskenderun's Mystic Bla  Conj/Tloc      18%        2d6       12%         4


Dungeon Overview and Level Annotations

Branches:
Dungeon (5/15)
 Temple: D:4-7

Altars:
Jiyva

Shops:
D:4 :((:

Annotations:
D:5 Duvessa


Innate Abilities, Weirdness & Mutations

You are very small and have problems with some larger weapons.
You are too small for most types of armour.
You have supernaturally acute eyesight. (SInv)
You cover ground extremely quickly. (Speed+++)
You have a pair of small horns on your head.
You are partially covered in iridescent scales. (AC +2)
Your gelatinous body deflects attacks. (AC +3, EV +3)


Message History

Aim: Duvessa, wielding a +6 short sword of venom and wearing a +0 leather armour (lightly wounded, 100% to hit)
The magic dart hits Dowan.
Dowan is almost dead.
Casting: Magic Dart (safe; 1% risk of failure)
Confirm with . or Enter, or press ? or * to list all spells.
Aiming: Magic Dart (safe; 1% risk of failure)
Press: ? - help, Shift-Dir - straight line, f/p - Duvessa
Aim: Duvessa, wielding a +6 short sword of venom and wearing a +0 leather armour (lightly wounded, 100% to hit)
The magic dart hits Dowan.
You kill Dowan!
Duvessa weeps, and shakes her weapon.
Duvessa goes berserk!
Casting: Magic Dart (safe; 1% risk of failure)
Confirm with . or Enter, or press ? or * to list all spells.
Aiming: Magic Dart (safe; 1% risk of failure)
Press: ? - help, Shift-Dir - straight line, f/p - Duvessa
Aim: Duvessa, wielding a +6 short sword of venom and wearing a +0 leather armour (lightly wounded, berserk, 100% to hit)
The magic dart hits Duvessa but does no damage.
Duvessa is lightly wounded.
Duvessa closely misses you.
You puncture Duvessa! You headbutt Duvessa, but do no damage.
Duvessa is moderately wounded.
Duvessa hits you with a +6 short sword of venom!
You are poisoned.
You feel very sick.
You feel very sick.
Jiyva says: Divide and consume!
You feel sick.
You feel sick.
You feel sick.
You feel sick.
You feel sick.
You feel sick.
You feel sick.
You feel sick.
There is a stone staircase leading up here.
You feel sick.
Duvessa hits you with a +6 short sword of venom!!
Ouch! That really hurt!
You die...

### #@#
#e#
#.######
#......#
######.#
#.# #.#
#.# #.#


You could see Duvessa (berserk).

Vanquished Creatures
  Edmund (D:4)
  Dowan (D:5)
  An orc priest (D:4)
  Crazy Yiuf (D:3)
  An iguana (D:3)
  An orc wizard (D:4)
  A hound skeleton (D:4)
  5 adders
  A worm (D:2)
  A dart slug (D:3)
  2 orcs
  2 endoplasms (D:1)
  3 giant cockroaches
  5 goblins
  5 hobgoblins
  A quokka (D:1)
  4 ball pythons
  2 bats (D:3)
  A frilled lizard (D:1)
  7 kobolds
  5 rats
51 creatures vanquished.

Vanquished Creatures (others)
  A jelly (D:5)
  2 hounds
  2 orc priests (D:4)
  An adder (D:3)
  2 orcs (D:4)
  3 endoplasms (D:3)
  A quokka (D:3)
  3 kobolds
  A rat (D:3)
16 creatures vanquished.

Grand Total: 67 creatures vanquished

Notes
Turn   | Place    | Note
-------+----------+-------------------------------------------
     0 | D:1      | psko the Spriggan Conjurer began the quest for the Orb.
     0 | D:1      | Reached XP level 1. HP: 9/9 MP: 5/5
   455 | D:1      | Reached XP level 2. HP: 13/13 MP: 2/6
   698 | D:1      | Found a faded altar of an unknown god.
   712 | D:1      | Prayed at the altar of an unknown god.
   712 | D:1      | Became a worshipper of Jiyva Jadaning the Shapeless
   712 | D:1      | Reached * piety under Jiyva
  1484 | D:2      | Reached ** piety under Jiyva
  1531 | D:2      | Reached skill level 3 in Spellcasting
  1531 | D:2      | Reached XP level 3. HP: 16/16 MP: 4/8
  2105 | D:3      | Found a runed translucent door.
  2146 | D:3      | Noticed Crazy Yiuf
  2176 | D:3      | Identified the +7 mace "Ezowocu" {venom, rElec}
  2272 | D:3      | Killed Crazy Yiuf
  2273 | D:3      | Reached XP level 4. HP: 21/21 MP: 7/10
  2436 | D:3      | Reached *** piety under Jiyva
  2436 | D:3      | Gained mutation: Your rubbery body absorbs attacks. (AC +1,
                  | EV +1) [Jiyva's grace]
  2436 | D:3      | Gained mutation: Your pliable body absorbs attacks. (AC +2,
                  | EV +2) [Jiyva's grace]
  2436 | D:3      | Gained mutation: Your gelatinous body deflects attacks. (AC
                  | +3, EV +3) [Jiyva's grace]
  2436 | D:3      | Gained mutation: You have hidden genetic potential.
                  | [Jiyva's grace]
  2627 | D:3      | Reached skill level 4 in Spellcasting
  2677 | D:3      | Reached XP level 5. HP: 22/24 MP: 9/12
  2885 | D:4      | Identified the +12 spear "Nojoett" {vamp, Drain Str+4 Int+4
                  | Stlth+}
  2921 | D:4      | Found Exytede's Book Shop.
  3153 | D:4      | Found Gossid's Book Shop.
  3154 | D:4      | Found Bufi's Weapon Shoppe.
  3155 | D:4      | Reached **** piety under Jiyva
  3155 | D:4      | Noticed Edmund
  3302 | D:4      | Gained mutation: You have a pair of small horns on your
                  | head. [hidden potential]
  3326 | D:4      | Killed Edmund
  3327 | D:4      | Reached skill level 5 in Spellcasting
  3327 | D:4      | Reached XP level 6. HP: 28/28 MP: 15/15
  3355 | D:4      | Gained mutation: You are partially covered in iridescent
                  | scales. (AC +2) [hidden potential]
  3355 | D:4      | Lost mutation: You have hidden genetic potential. [hidden
                  | potential expressed]
  3476 | D:4      | Found Kegoluism's Antique Weapon Emporium.
  3662 | D:5      | Entered Level 5 of the Dungeon
  3727 | D:5      | Noticed Duvessa
  3727 | D:5      | Noticed Dowan
  3758 | D:5      | Killed Dowan
  3772 | D:5      | Demolished by Duvessa

Illustrated notes

Levels and vault maps discovered:
D:1:      dpeg_arrival_short_road, layout_basic,
          hellmonk_ecumenical_altar_zigzags, fountainhead
D:2:      layout_basic
D:3:      layout_loops_ring, chequers_arboretum, uniq_crazy_yiuf_cottage
D:4:      layout_cave_pools, serial_shops, nicolae_shop_bloodbath_and_beyond,
          shop_fountains, shop, shop, uniq_edmund
D:5:      nicolae_cairo_tiling, layout_basic, serial_shops, shop,
          nicolae_shop_trees, shop, minmay_pentangle, uniq_duvessa

Skill      XL: |  1  2  3  4  5 |
---------------+----------------+-----
Conjurations   | 3 4 |  4.5
Spellcasting   | 3 4 5 |  5.8
Dodging        | 3 |  3.1
Stealth        | 4 |  4.0

Action                   |  1- 3 |  4- 6 || total
-------------------------+-------+-------++-------
Melee: Mace              |       |     5 ||     5
       Spear             |       |     1 ||     1
       Headbutt          |       |     1 ||     1
 Cast: Magic Dart        |    91 |    99 ||   190
  Use: Scroll            |     2 |       ||     2
Armor: Robe              |     3 |     3 ||     6
Dodge: Dodged            |    12 |    22 ||    34
